 Dungeon Crawl Stone Soup version 0.28.0-45-g0d030f2227 (webtiles) character file.

Game seed: 5713005556820673525

28 McKennaii the Conjurer (level 3, 24/24 HPs)
             Began as a Demonspawn Conjurer on Apr 14, 2022.
             Quit the game on level 1 of the Dungeon.
             The game lasted 00:00:37 (1281 turns).

McKennaii the Conjurer (Demonspawn Conjurer)        Turns: 1281, Time: 00:00:37

Health: 24/24      AC:  2    Str:  7    XL:     3   Next: 0%
Magic:  7/7        EV: 12    Int: 21    God:
Gold:   42         SH:  0    Dex: 11    Spells: 6/7 levels left

rFire   . . .      SeeInvis .   (no weapon)
rCold   . . .      Faith    .   (no shield)
rNeg    . . .      Spirit   .   a - +0 robe
rPois   .          Reflect  .   (no helmet)
rElec   .          Harm     .   (no cloak)
rCorr   +          Rampage  .   (no gloves)
Will    .....                   (no boots)
Stlth   ++........              (no amulet)
HPRegen 0.08/turn               c - ring of resist corrosion
MPRegen 0.20/turn               (no ring)

@: no status effects
A: claws 1, magic regeneration
a: no special abilities


You were on level 1 of the Dungeon.
You visited 1 branch of the dungeon, and saw 1 of its levels.

You collected 42 gold pieces.

Inventory:

Armour
 a - a +0 robe (worn)
Jewellery
 c - a ring of resist corrosion (left claw)
Scrolls
 b - 2 scrolls of identify {unknown}
Potions
 d - a potion of heal wounds {unknown}


   Skills:
 - Level 1.7 Dodging
 - Level 1.7 Stealth
 + Level 2.7 Spellcasting
 + Level 4.5 Conjurations


You had 6 spell levels left.
You knew the following spells:

 Your Spells              Type           Power      Damage    Failure   Level
a - Magic Dart            Conj           84%        1d7       2%          1

Your spell library contained the following spells:

 Spells                   Type           Power      Damage    Failure   Level
 Searing Ray              Conj           42%        2d6       3%          2
 Dazzling Flash           Conj/Hex       24%        N/A       16%         3
 Fulminant Prism          Conj/Hex       6%         3d7       47%         4
 Iskenderun's Mystic Bla  Conj/Tloc      12%        2d5       47%         4


Dungeon Overview and Level Annotations

Branches:
Dungeon (1/15)

Altars:


Innate Abilities, Weirdness & Mutations

You have sharp fingernails.
You regenerate magic rapidly.


Message History

No target in view!
You see here a +0 club.
Found a stone staircase leading down.
You can't see any susceptible monsters within range! (Use Z to cast anyway.) No target in view!
Key pressed, stopping explore.
You can't see any susceptible monsters within range! (Use Z to cast anyway.) No target in view!
Found a hand axe.
You can't see any susceptible monsters within range! (Use Z to cast anyway.) Key pressed, stopping explore.
You can't see any susceptible monsters within range! (Use Z to cast anyway.)
A frilled lizard comes into view.
Found a hunting sling.
The frilled lizard hisses angrily.
The magic dart hits the frilled lizard.
You kill the frilled lizard!
There is a stone staircase leading down here.
A hobgoblin comes into view.
The hobgoblin shouts!
Things that are here:
a +0 hand axe; a frilled lizard corpse The magic dart hits the hobgoblin.
The hobgoblin is severely wounded.
A hobgoblin is nearby!
The magic dart hits the hobgoblin.
You kill the hobgoblin!
You have reached level 3!
Your experience leads to an increase in your attributes!
Increase (S)trength, (I)ntelligence, or (D)exterity?
You feel clever. x2; Your demonic ancestry asserts itself...
Your magic begins to regenerate rapidly.
You see here a +0 hunting sling.
You see here a hobgoblin corpse.
You now have 29 gold pieces (gained 13).
You now have 42 gold pieces (gained 13).
You see here a +0 club.
There is a stone staircase leading down here.
A quokka comes into view.
Are you sure you want to abandon this character and quit the game? (Confirm with "yes".)

######.#†# #..# #...... # #.#.#
###..## #.##### #.#.#
#####.....###.# #. ######.#.#
..............####.
#........####.#..................
.....#........#.###.....###.#####
#.##.#.######.#r #.....# #.#
#.##.#...# #.#.######.## #.#
#.##.###.# #...@......# #.#
#.##.###.####.#.######## #.#
#.#........# #. #.#
#.#..###.#.##.#. #.#
#.#...........#. #.#
#............### #.#
..)......#.#.# #.# #......).#.#.#
#.# #####...###### ### #######.#


You could see a quokka (asleep).

Vanquished Creatures
  A dart slug (D:1)
  4 ball pythons (D:1)
  A bat (D:1)
  An endoplasm (D:1)
  5 goblins (D:1)
  5 hobgoblins (D:1)
  2 kobolds (D:1)
  A frilled lizard (D:1)
  2 rats (D:1)
22 creatures vanquished.

Notes
Turn   | Place    | Note
-------+----------+-------------------------------------------
     0 | D:1      | McKennaii the Demonspawn Conjurer began the quest for the
                  | Orb.
     0 | D:1      | Reached XP level 1. HP: 13/13 MP: 3/3
   414 | D:1      | Gained mutation: You have sharp fingernails. [demonic
                  | ancestry]
   414 | D:1      | Reached XP level 2. HP: 16/19 MP: 0/5
   574 | D:1      | Found a faded altar of an unknown god.
  1081 | D:1      | Gained mutation: You regenerate magic rapidly. [demonic
                  | ancestry]
  1081 | D:1      | Reached XP level 3. HP: 24/24 MP: 4/7
  1281 | D:1      | Quit the game

Illustrated notes

Levels and vault maps discovered:
D:1:      amcnicky_arrival_abandoned_market, layout_loops_ring,
          hellmonk_ecumenical_altar_run_dry, minmay_misc_feat_tiny

Action                   || total
-------------------------++-------
Melee: Unarmed           ||    11
 Cast: Magic Dart        ||    34
Armor: Robe              ||     2
Dodge: Dodged            ||    13
